 Dungeon Crawl Stone Soup version bcrawl-1.38.3 (webtiles) character file.

Game seed: 7438708648391626814

87370 MisterOstroum the Sneak (level 1, 0/16 HPs)
             Began as a Naga Fire Elementalist on June 11, 2023.
             Slain by a rat (2 damage)
             ... on level 1 of the Dungeon.
             The game lasted 00:00:42 (16 turns).

MisterOstroum the Sneak (Naga Fire Elementalist)      Turns: 16, Time: 00:00:42

Health: 0/16       AC:  1    Str: 10    XL:     1   Next: 70%
Magic:  0/3        EV: 10    Int: 15    God:
Gold:   0          SH:  0    Dex: 11    Spells: 3/4 levels left

rFire    . . .     GDR:     23% b - -1 spear (curse)
rCold    . . .     SeeInvis +   (no shield)
rNeg     . . .     Gourm    .   a - +0 robe
rPois    +         Faith    .   (no helmet)
rElec    .         Spirit   .   (no cloak)
rCorr    .         Reflect  .   (no gloves)
MR       .....                  (no barding)
Stlth    ++........             (no amulet)
HPRegen  0.12/turn              (no ring)
MPRegen  0.08/turn              (no ring)

@: very slightly contaminated, very slow
A: large, tail, swims, see invisible, deformed body, poison resistance, slowness
2, slow metabolism 1, spit poison 1, AC +0
a: Spit Poison


You were on level 1 of the Dungeon.
You were not hungry.

You visited 1 branch of the dungeon, and saw 1 of its levels.

Inventory:

Hand Weapons
 b - a cursed -1 spear (weapon)
Missiles
 d - 40 stones (quivered)
Armour
 a - a +0 robe (worn)
Wands
 c - a wand of flame (4)
Comestibles
 e - a ration {!d}


   Skills:
 + Level 0.4 Fighting
 - Level 1.5 Dodging
 - Level 3.2 Stealth
 - Level 2.0 Spellcasting
 * Level 1.4 Conjurations
 - Level 3.0 Fire Magic


You had 3 spell levels left.
You knew the following spells:

 Your Spells              Type           Power        Failure   Level  Hunger
a - Flame Tongue          Conj/Fire      #....        9%          1    None

Your spell library contained the following spells:

 Spells                   Type           Power        Failure   Level  Hunger
 Flaming Arrows           Chrm/Fire      #.......     19%         2    ##.....
 Conjure Flame            Conj/Fire      #.......     26%         3    ####...
 Inner Flame              Hex/Fire       N/A          34%         3    ####...
 Sticky Flame             Conj/Fire      #.......     65%         4    ######.
 Fireball                 Conj/Fire      #.........   94%         5    #######


Dungeon Overview and Level Annotations

Branches:
Dungeon (1/12)

Altars:


Innate Abilities, Weirdness & Mutations

You cannot wear boots.
You can swim through water.
Your serpentine skin is tough. (AC +0)
You have supernaturally acute eyesight. (SInv)
Armour fits poorly on your strangely shaped body.
Your system is resistant to poisons. (rPois)
You cover ground very slowly.
You have a slow metabolism.
You can spit poison.


Message History

Welcome, MisterOstroum the Naga Fire Elementalist.
The transcendent Orb of Zot lies far below, as if waiting for you to find it.
Press m to set your skill training.
Press ? for a list of commands and other information.
Found four items.
Found an escape hatch in the floor.
Found a staircase leading out of the dungeon.
Okay, then.
Okay, then.
Okay, then.
Okay, then.
A dart slug comes into view.
Found two stone staircases leading down.
A dart slug is nearby!
A dart slug is nearby!
You see here a ring mail.
A leopard gecko comes into view.
A rat comes into view.
The leopard gecko hisses angrily.
A frilled lizard comes into view.
Press: ? - help, Shift-Dir - straight line, f - leopard gecko
Aim: a leopard gecko The splash of poison hits the leopard gecko!
The leopard gecko is poisoned.
You kill the leopard gecko!
You feel slightly more hungry.
Found a stone staircase leading down.
You have got your breath back.
The dart slug closely misses you.
You see here a runed spear.
b - a runed spear The dart slug closely misses you.
Wield which item (- for none, * to show all)? (? for menu, Esc to quit)
It sticks to your hand!
b - a cursed -1 spear (weapon)
You hit the dart slug but do no damage. The dart slug bites you.
You hit the dart slug but do no damage. The rat closely misses you.
The dart slug barely misses you. The rat bites you.
Casting: Flame Tongue (safe; 10% risk of failure)
Confirm with . or Enter, or press ? or * to list all spells.
Aiming: Flame Tongue (safe; 10% risk of failure)
Press: ? - help, Shift-Dir - straight line, f - dart slug
Aim: a dart slug The flame tongue hits the dart slug.
The dart slug is moderately wounded.
The rat bites you.
Casting: Flame Tongue (safe; 10% risk of failure)
Confirm with . or Enter, or press ? or * to list all spells.
Aiming: Flame Tongue (safe; 10% risk of failure)
Press: ? - help, Shift-Dir - straight line, f/p - dart slug
Aim: a dart slug (moderately wounded)
The flame tongue hits the dart slug!
The dart slug is almost dead.
The dart slug barely misses you. The rat bites you.
Casting: Flame Tongue (safe; 10% risk of failure)
Confirm with . or Enter, or press ? or * to list all spells.
Aiming: Flame Tongue (safe; 10% risk of failure)
Press: ? - help, Shift-Dir - straight line, f/p - dart slug
Aim: a dart slug (almost dead)
You miscast Flame Tongue.
You are very lightly contaminated with residual magic.
Wisps of smoke drift from your hands. The frilled lizard bites you.
The dart slug bites you. The rat bites you.
You hit the dart slug.
You kill the dart slug!
The frilled lizard bites you.
* * * LOW HITPOINT WARNING * * *
The rat bites you but does no damage. The frilled lizard bites you.
* * * LOW HITPOINT WARNING * * *
The rat bites you.
You die...

.≈≈≈.≈≈≈.≈≈≈.#
..≈...≈<..≈..#######
...............>....
......≈..[........###
.....≈≈≈.......†....
......≈...........#
..................#
..$...##.....†l...#
...... #....@.....#
...># #..#.#r#.#.# ..
#............
#..#.#.#.#.#.
###.......... .#.#.#
#.#.# ##..... .>..
#.#.# #.


You could see a frilled lizard and a rat.

Vanquished Creatures
  A dart slug (D:1)
  A leopard gecko (D:1)
2 creatures vanquished.

Notes
Turn   | Place    | Note
-------+----------+-------------------------------------------
     0 | D:1      | MisterOstroum the Naga Fire Elementalist began the quest
                  | for the Orb.
     0 | D:1      | Reached XP level 1. HP: 15/15 MP: 3/3
    16 | D:1      | Slain by a rat

Action                   || total
-------------------------++-------
Melee: Spear             ||     3
 Cast: Flame Tongue      ||     2
 Abil: Spit Poison       ||     1
Armor: Robe              ||     1
Dodge: Dodged            ||     5
